 Dungeon Crawl Stone Soup version 0.22-b1-21-g5cfc168 (webtiles) character file.

1721 letownia2 the Grappler (level 8, -5/56 HPs)
             Began as a Demonspawn Transmuter on Aug 5, 2018.
             Was a Follower of Cheibriados.
             Slain by a hog (7 damage)
             ... on level 8 of the Dungeon.
             The game lasted 00:21:57 (3712 turns).

letownia2 the Grappler (Demonspawn Transmuter)      Turns: 3712, Time: 00:21:58

Health: -5/56      AC:  9    Str: 16    XL:     8   Next: 75%
Magic:  19/22      EV: 13    Int: 20    God:    Cheibriados [*.....]
Gold:   362        SH:  0    Dex: 23    Spells: 6/14 levels left

rFire    . . .     SeeInvis .   K - +1 halberd "Gumuexuu" {chop, Int+4 Dex+4} (curse)
rCold    + . .     Gourm    .   (shield currently unavailable)
rNeg     . . .     Faith    .   t - +0 ring mail
rPois    .         Spirit   .   (helmet restricted)
rElec    .         Reflect  .   (no cloak)
rCorr    .         Harm     .   (no gloves)
MR       .....                  k - +1 pair of boots
Stlth    +++.......             (no amulet)
HPRegen  0.18/turn              h - ring of protection from cold
MPRegen  0.18/turn              F - ring of Hanlyff {MP+9 Dex+4 Stlth+}

@: very slow
A: horns 1, iridescent scales 1, nightstalker 1, rot immunity
a: Bend Time, Renounce Religion


You were on level 8 of the Dungeon.
You worshipped Cheibriados.
Cheibriados was aware of your devotion.
You were not hungry.

You visited 2 branches of the dungeon, and saw 10 of its levels.

You collected 362 gold pieces.

Inventory:

Hand Weapons
 r - a +0 hunting sling
 v - a +2 dagger of venom
 w - a +0 hunting sling
 D - a +0 spear of pain
 K - the cursed +1 halberd "Gumuexuu" (weapon) {chop, Int+4 Dex+4}
   (You found it on level 6 of the Dungeon)

   It inflicts extra damage upon your enemies.
   It affects your intelligence (+4).
   It affects your dexterity (+4).
   It has a curse placed upon it.
Missiles
 a - 60 arrows
 g - 17 poisoned needles
 E - a throwing net (quivered)
 J - 10 tomahawks
Armour
 e - a +0 leather armour
 k - a +1 pair of boots (worn)
 t - a +0 ring mail (worn)
Magical Staves
 B - an uncursed staff of summoning {unknown}
Jewellery
 h - a ring of protection from cold (left hand)
 z - an uncursed ring of positive energy
 F - the ring of Hanlyff (right hand) {MP+9 Dex+4 Stlth+}
   (You found it on level 4 of the Dungeon)

   [ring of magical power]

   It affects your dexterity (+4).
   It affects your magic capacity (+9).
   It makes you more stealthy.
Scrolls
 c - 2 scrolls of magic mapping
 f - a scroll of enchant armour
 n - 2 scrolls of fear
 o - a scroll of enchant weapon {unknown}
 q - 3 scrolls of teleportation
Potions
 b - a potion of haste
 i - 2 potions of cancellation
 j - 2 potions of lignification {unknown}
 l - 2 potions of resistance
 m - 6 potions of curing
 p - 3 potions of agility {unknown}
 s - 2 potions of ambrosia {unknown}
 A - a potion of mutation
 C - 2 potions of might {unknown}
 H - 2 potions of heal wounds {unknown}
 L - a potion of magic
Comestibles
 d - 10 rations


   Skills:
 - Level 2.2 Fighting
 - Level 1.6 Armour
 - Level 3.5 Dodging
 + Level 8.2 Unarmed Combat
 - Level 3.7 Spellcasting
 - Level 2.3 Hexes
 - Level 2.9 Transmutations
 - Level 2.0 Poison Magic


You had 6 spell levels left.
You knew the following spells:

 Your Spells              Type           Power        Failure   Level  Hunger
a - Beastly Appendage     Tmut           ###...       8%          1    None
d - Confusing Touch       Hex            ##....       10%         1    None
k - Animate Skeleton      Necr           N/A          24%         1    None
l - Sticks to Snakes      Tmut           ###.....     11%         2    ##.....
p - Spider Form           Tmut/Pois      ##........   26%         3    ###....

Your spell library contained the following spells:

 Spells                   Type           Power        Failure   Level  Hunger
 Apportation              Tloc           #.....       24%         1    None
 Summon Small Mammal      Summ           #...         24%         1    None
 Blade Hands              Tmut           ###.......   90%         5    ######.
 Ice Form                 Ice/Tmut       #.......     80%         4    ####...


Dungeon Overview and Level Annotations

Branches:
Dungeon (9/15)             Temple (1/1) D:6
   Lair: D:8-11         Orc: D:9-12

Altars:
Cheibriados
Elyvilon
Makhleb
Okawaru
Qazlal
Trog
Uskayaw
The Shining One

Annotations:
D:8 Harold


Innate Abilities, Weirdness & Mutations

You have a pair of small horns on your head.
You are partially covered in iridescent scales. (AC +2)
You are slightly more attuned to the shadows.
You are immune to rotting.


Message History

The hog seems less confused.
The hog bites you. The hog closely misses you.
The hog bites you but does no damage. The hog closely misses you.
The hog bites you!
* * * LOW HITPOINT WARNING * * *
The hog bites you.
* * * LOW HITPOINT WARNING * * *
The hog bites you.
* * * LOW HITPOINT WARNING * * *
Unknown command.
You feel better. The hog bites you.
* * * LOW HITPOINT WARNING * * *
The hog bites you!
* * * LOW HITPOINT WARNING * * *
The hog closely misses you.
Unknown command.
Unknown command.
The hog misses you. The hog barely misses you. The hog bites you!
You die...

#......'...%%#
#########...h..#....%#
#............Y.###'###
#.........######$h...#
#..............#....h#
########.......#######
#..Y>....##
#..hhh.....
####@#..##. #.#.....
#####.#.....
#.......#.# #....####
#....# #....# #....#
####....# ..


You could see a yak and 3 hogs.

Vanquished Creatures
  Pikel (D:7)
  A human (D:8)
  A sky beast (D:5)
  An ogre (D:6)
  A phantom (D:7)
  A big kobold (D:7)
  A scorpion (D:4)
  A howler monkey (D:5)
  A jelly (D:8)
  4 hounds
  An orc priest (D:5)
  A bullfrog skeleton (D:5)
  6 worker ants
  3 iguanas
  5 orc wizards
  4 gnolls (D:4)
  2 adders
  2 oozes (D:2)
  2 adder skeletons
  4 dart slugs
  5 leopard geckos
  8 orcs
  5 giant cockroaches
  4 goblins
  5 hobgoblins
  5 jackals
  2 quokkas
  A ball python (D:1)
  8 bats
  3 frilled lizards
  A jackal skeleton (D:4)
  7 kobolds
  A leopard gecko skeleton (D:4)
  7 rats
105 creatures vanquished.

Vanquished Creatures (collateral kills)
  2 adders
  A bat (D:2)
3 creatures vanquished.

Vanquished Creatures (others)
  2 slaves (D:8)
  A quasit (D:8)
  A hound (D:8)
4 creatures vanquished.

Grand Total: 112 creatures vanquished

Notes
Turn   | Place    | Note
-------+----------+-------------------------------------------
     0 | D:1      | letownia2 the Demonspawn Transmuter began the quest for the Orb.
     0 | D:1      | Reached XP level 1. HP: 15/15 MP: 3/3
    81 | D:2      | Reached skill level 3 in Unarmed Combat
    94 | D:1      | Gained mutation: You are immune to rotting. [demonic ancestry]
    94 | D:1      | Reached XP level 2. HP: 16/21 MP: 3/5
   270 | D:1      | Learned a level 2 spell: Sticks to Snakes
   359 | D:2      | Reached XP level 3. HP: 18/26 MP: 4/6
   364 | D:2      | Learned a level 3 spell: Spider Form
   574 | D:2      | Reached skill level 4 in Unarmed Combat
   636 | D:2      | Reached skill level 1 in Poison Magic
   800 | D:3      | Gained mutation: You are partially covered in iridescent scales. (AC +2) [demonic ancestry]
   800 | D:3      | Reached XP level 4. HP: 10/32 MP: 0/7
  1215 | D:4      | Reached XP level 5. HP: 37/37 MP: 1/8
  1294 | D:5      | Entered Level 5 of the Dungeon
  1361 | D:5      | Reached skill level 1 in Armour
  1402 | D:5      | Found a burning altar of Makhleb.
  1402 | D:5      | Noticed an Executioner
  1469 | D:5      | Learned a level 1 spell: Confusing Touch
  1471 | D:5      | Learned a level 1 spell: Animate Skeleton
  1507 | D:4      | Reached XP level 6. HP: 39/44 MP: 2/9
  1516 | D:4      | Reached skill level 1 in Hexes
  1608 | D:4      | Got a scintillating copper ring
  1610 | D:4      | Identified the ring of Hanlyff {MP+9 Dex+4 Stlth+} (You found it on level 4 of the Dungeon)
  2258 | D:5      | Gained mutation: You have a pair of small horns on your head. [demonic ancestry]
  2258 | D:5      | Reached XP level 7. HP: 49/50 MP: 11/11
  2626 | D:6      | Got a pitted halberd
  2648 | D:6      | Reached skill level 5 in Unarmed Combat
  2687 | D:6      | Found a staircase to the Ecumenical Temple.
  2700 | Temple   | Entered the Ecumenical Temple
  2705 | Temple   | Became a worshipper of Cheibriados the Contemplative
  2706 | Temple   | Identified the cursed +1 halberd "Gumuexuu" {chop, Int+4 Dex+4} (You found it on level 6 of the Dungeon)
  3024 | D:6      | Reached skill level 6 in Unarmed Combat
  3168 | D:8      | Noticed Pikel
  3180 | D:7      | Killed Pikel
  3180 | D:7      | Reached skill level 7 in Unarmed Combat
  3180 | D:7      | Gained mutation: You are slightly more attuned to the shadows. [demonic ancestry]
  3180 | D:7      | Reached XP level 8. HP: 7/56 MP: 13/13
  3291 | D:7      | Reached * piety under Cheibriados
  3484 | D:8      | Noticed Harold
  3497 | D:8      | Found a hide-covered altar of Uskayaw.
  3698 | D:8      | Reached skill level 8 in Unarmed Combat
  3710 | D:8      | HP: 2/56 [hog (8)]
  3712 | D:8      | Slain by a hog

Skill      XL: |  1  2  3  4  5  6  7  8 |
---------------+-------------------------+-----
Unarmed Combat | 3 4 7 8 |  8.2
Poison Magic   | 1 2 |  2.0
Transmutations | 2 |  2.9
Armour         | 1 |  1.6
Fighting       | 2 |  2.2
Hexes          | 2 |  2.3
Spellcasting   | 3 |  3.7
Dodging        | 3 |  3.5

Action                   |  1- 3 |  4- 6 |  7- 9 || total
-------------------------+-------+-------+-------++-------
Melee: Unarmed           |   119 |    57 |   110 ||   286
       Kick              |     4 |       |       ||     4
       Headbutt          |    13 |     3 |     4 ||    20
       Dagger            |       |    91 |       ||    91
       Punch             |       |     1 |       ||     1
       Halberd           |       |       |    17 ||    17
 Cast: Beastly Appendage |    21 |     2 |       ||    23
       Sticks to Snakes  |     2 |       |       ||     2
       Spider Form       |       |     4 |    14 ||    18
       Confusing Touch   |       |     4 |     7 ||    11
 Abil: End Transformatio |       |       |     1 ||     1
  Use: Scroll            |       |       |    15 ||    15
       Potion            |       |       |     2 ||     2
 Stab: Confused          |       |     3 |     2 ||     5
       Sleeping          |       |     1 |     4 ||     5
       Distracted        |       |     1 |       ||     1
  Eat: Chunk             |       |     7 |     6 ||    13
Armor: Robe              |     4 |       |       ||     4
       Leather armour    |    53 |     5 |       ||    58
       Ring mail         |       |    32 |    11 ||    43
       Skin              |       |     2 |     4 ||     6
Dodge: Dodged            |    94 |    89 |    83 ||   266
